Map: El Dorado

Players

iPlayDefense - Winner!

  • Race: Terran Terran
  • League: Silver
  • Spawn Location: 5:00

Gonorriento

  • Race: Protoss Protoss
  • Spawn Location: 7:00

VOD

Have the link to the VOD?

Description

Time

  • Played on: April 13, 2025, 7:59 p.m.
  • Length: 10:37
Show
View Real Time Build Order
Export as new Build Order

iPlayDefense Terran - Winner!

Build Orders:  

Get SALT Encoding   

  12  0:01  SCV  
  13  0:16  Refinery  
  13  0:20  Supply Depot  
  13  0:25  SCV  
  14  0:37  SCV  
  15  0:46  Barracks  
  16  0:50  SCV  
  16  1:03  Supply Depot  
  16  1:07  SCV  
  17  1:33  Orbital Command, Barracks Reactor  
  17  2:03  SCV  
  18  2:08  Command Center  
  18  2:11  Marine  
  18  2:13  Marine  
  18  2:15  SCV  
  21  2:27  SCV  
  22  2:33  Marine x2  
  24  2:47  Barracks  
  24  2:50  Barracks  
  24  2:57  Factory  
  24  2:58  Marine  
  24  2:59  Marine  
  26  3:23  Bunker  
  26  3:28  Orbital Command  
  26  3:35  SCV  
  26  3:39  Barracks Tech Lab  
  27  3:43  Barracks Tech Lab  
  27  3:47  SCV  
  28  3:50  Factory Tech Lab  
  28  3:54  Bunker  
  28  3:59  SCV x2  
  28  4:01  Marine x2  
  28  4:02  Marine  
  33  4:11  SCV x2, Siege Tank  
  38  4:25  SCV x2, Marine  
  38  4:26  Marine x2  
  43  4:37  SCV  
  43  4:39  Supply Depot  
  43  4:44  Supply Depot  
  43  4:46  Combat Shield  
  43  4:47  Refinery, Stimpack  
  43  5:01  Supply Depot  
  43  5:05  SCV x2, Marine  
  43  5:06  Marine x3  
  49  5:17  SCV  
  49  5:18  Supply Depot  
  49  5:20  Cyclone  
  53  5:24  Marauder  
  55  5:31  Engineering Bay  
  55  5:33  SCV x2, Marine  
  55  5:34  Marine x2  
  60  5:45  SCV, Marine  
  60  5:47  Refinery  
  60  5:48  Refinery  
  62  5:52  Supply Depot  
  62  6:03  Terran Infantry Weapons Level 1  
  62  6:14  SCV  
  62  6:15  SCV, Marine x4, Starport  
  68  6:19  Siege Tank  
  68  6:23  Supply Depot  
  71  6:26  SCV  
  72  6:33  Marine  
  72  6:34  Marauder x2  
  77  6:44  Command Center  
  77  6:52  Starport Reactor  
  77  7:12  SCV x2  
  77  7:13  Marine x4  
  77  7:15  Siege Tank  
  86  7:24  SCV  
  87  7:30  Supply Depot  
  87  7:31  Marauder  
  87  7:32  Marauder  
  87  7:35  Supply Depot  
  91  7:39  Armory, Medivac  
  93  7:49  SCV  
  94  7:52  SCV, Marine x2, Siege Tank, Medivac  
  94  7:56  Orbital Command, Marine x2  
  94  7:57  Terran Infantry Armor Level 1  
  104  8:02  SCV  
  105  8:11  Supply Depot  
  105  8:12  Barracks x2  
  105  8:14  Marauder x2  
  105  8:16  SCV x2  
  105  8:17  Marine x2  
  113  8:27  Orbital Command  
  113  8:28  SCV  
  114  8:34  Marine  
  114  8:35  Marine  
  116  8:55  SCV x3  
  119  8:57  Marine x4  
  119  8:59  Siege Tank  
  126  9:07  SCV x3  
  129  9:12  Supply Depot  
  129  9:13  Supply Depot  
  129  9:16  Marauder x2  
  131  9:31  Siege Tank  
  124  9:42  SCV x3, Marine  
  124  9:43  Marine x3  
  121  9:54  SCV x3  
  120  10:02  Marauder x2  
  128  10:11  Missile Turret  
  123  10:25  Refinery  
  123  10:26  Refinery  
  123  10:31  Missile Turret  
Show
View Real Time Build Order
Export as new Build Order

Gonorriento Protoss 

Build Orders:  

Get SALT Encoding   

  12  0:04  Probe  
  13  0:16  Pylon  
  13  0:28  Probe  
  14  0:38  Assimilator  
  14  0:41  Probe  
  15  0:53  Probe  
  16  1:05  Probe  
  17  1:17  Probe  
  18  1:28  Gateway  
  18  1:29  Probe  
  19  1:41  Probe  
  19  1:42  Assimilator  
  20  1:53  Probe  
  21  2:05  Probe  
  22  2:17  Probe  
  23  2:24  Cybernetics Core  
  23  2:38  Nexus  
  23  2:44  Pylon  
  23  2:49  Pylon  
  23  2:50  Warp Gate  
  23  2:55  Pylon  
  23  2:59  Stalker  
  23  3:00  Pylon  
  23  3:02  Probe  
  26  3:14  Probe  
  27  3:26  Stalker  
  27  3:27  Probe, Stargate  
  30  3:35  Forge  
  30  3:39  Probe  
  31  3:51  Probe  
  31  3:54  Stalker  
  32  3:56  Probe  
  32  3:58  Assimilator  
  32  4:00  Assimilator  
  35  4:03  Probe  
  35  4:04  Probe  
  37  4:15  Probe  
  38  4:19  Probe  
  38  4:21  Stalker  
  41  4:27  Probe  
  42  4:39  Probe x2  
  44  4:48  Stalker  
  44  4:51  Probe x2  
  48  5:03  Probe x2  
  50  5:08  Pylon  
  50  5:11  Fleet Beacon  
  50  5:15  Stalker, Probe x2  
  50  5:17  Gateway, Protoss Ground Weapons Level 1  
  54  5:27  Probe  
  54  5:28  Protoss Air Weapons Level 1, Probe  
  56  5:39  Probe  
  56  5:40  Probe  
  58  5:49  Shield Battery  
  58  5:51  Probe  
  58  5:52  Probe  
  58  5:54  Photon Cannon  
  60  6:35  Tempest  
  64  6:50  Stargate  
  64  6:51  Stargate  
  64  6:54  Stargate  
  64  7:01  Gateway  
  64  7:05  Gateway  
  64  7:25  Pylon  
  64  7:29  Shield Battery  
  64  7:32  Photon Cannon  
  64  7:34  Photon Cannon  
  64  7:36  Carrier  
  70  7:37  Tempest  
  70  7:43  Carrier  
  80  7:47  Protoss Air Weapons Level 2  
  80  7:52  Pylon  
  80  7:56  Pylon  
  80  8:03  Pylon  
  80  8:08  Pylon  
  80  8:17  Unknown  
  80  8:21  Nexus  
  80  8:31  Carrier  
  80  8:32  Carrier  
  92  8:45  Assimilator  
  92  8:47  Tempest  
  96  8:48  Assimilator  
  96  9:01  Stalker x2  
  100  9:07  Stalker x2  
  104  9:10  Tempest  
  108  9:30  Carrier  
  34  9:56  Adept x3  
  34  9:57  Adept  
Tags
 
League
Silver
Matchup
PvT
Replay Pack
DaveSC2
Spawn Locations
Close Positions
Add a new tag
Caveats
  • Supply blocks, unpowered buildings, or Contaminate may cause inaccurate times.
  • Supply counts are checked every 10 seconds.